 Seeded DCSS version 0.28.0-47-ge53b351184 (webtiles) character file.

Game seed: 8164095838436135705 (custom seed)

39 NinjaNoafa the Cudgeller (level 3, 0/28 HPs)
             Began as a Demonspawn Gladiator on May 10, 2022.
             Slain by Sigmund
             ... wielding a +0 scythe
              (5 damage)
             ... on level 2 of the Dungeon.
             The game lasted 00:02:21 (1195 turns).

NinjaNoafa the Cudgeller (Demonspawn Gladiator)     Turns: 1195, Time: 00:02:21

Health: 0/28       AC:  4    Str: 11 (14) XL:     3   Next: 26%
Magic:  3/3        EV: 14    Int:  8 (11) God:
Gold:   68         SH:  0    Dex: 11 (14) Spells: 2/2 levels left

rFire   . . .      SeeInvis .   a - +2 flail
rCold   . . .      Faith    .   (no shield)
rNeg    . . .      Spirit   .   b - +0 leather armour
rPois   .          Reflect  .   c - +0 helmet
rElec   .          Harm     .   (no cloak)
rCorr   .          Rampage  .   (no gloves)
Will    .....                   (no boots)
Stlth   +.........              (no amulet)
HPRegen 0.09/turn               h - ring of wizardry
MPRegen 0.08/turn               (no ring)

@: confused, flying
A: repulsion field 1
a: no special abilities


You were on level 2 of the Dungeon.
You visited 1 branch of the dungeon, and saw 2 of its levels.

You collected 68 gold pieces.

Inventory:

Hand Weapons
 a - a +2 flail (weapon)
Missiles
 d - 3 throwing nets (quivered)
 k - 76 stones
 n - 2 poisoned darts
Armour
 b - a +0 leather armour (worn)
 c - a +0 helmet (worn)
Jewellery
 h - a ring of wizardry (left hand)
Potions
 g - a potion of degeneration
 l - a potion of ambrosia


   Skills:
 + Level 2.4 Fighting
 * Level 3.1 Maces & Flails
 + Level 2.2 Throwing
 + Level 3.0 Dodging


You had 2 spell levels left.
You didn't know any spells.
Your spell library was empty.

Dungeon Overview and Level Annotations

Branches:
Dungeon (2/15)

Altars:

Annotations:
D:2 Sigmund, Terence


Innate Abilities, Weirdness & Mutations

You are surrounded by a mild repulsion field. (EV +2)


Message History

You hear an angry hiss.
As you read the scroll labelled ACWORO KUIM XON, it crumbles to dust.
A profound silence engulfs you.
It was a scroll of silence.
Magic scrolls do not work when you're silenced!
It was a potion of cancellation.
Your magical effects are unravelling.
You feel magically purged.
Your hearing returns.
A frilled lizard comes into view.
As you read the scroll labelled ARIFAIR AMAEWI, it crumbles to dust.
It is a scroll of enchant weapon.
Your +0 flail glows red for a moment.
The frilled lizard hisses angrily.
As you read the scroll of enchant weapon, it crumbles to dust.
Your +1 flail glows red for a moment.
It was a potion of degeneration.
There was something very wrong with that liquid.
You feel weakened.
You feel dopey.
You feel clumsy. Something hits you.
It was a potion of curing.
You feel better. Something hits you!
It was a potion of ambrosia.
You are confused.
You feel invigorated.
It was a potion of flight.
You feel very buoyant.
You fly up into the air.
Something hits you!
You hear some strange, mumbled words.
You are more confused.
You closely miss something.
You feel less invigorated. The frilled lizard closely misses you.
You hear some strange, mumbled words.
A magic dart appears from out of thin air!
The magic dart hits you!
The frilled lizard bites you but does no damage.
You're too confused to move!
Something hits you.
* * * LOW HITPOINT WARNING * * *
The frilled lizard misses you.
You bump into the rock wall.
The frilled lizard closely misses you. Something hits you.
You die...

..)......# #..######.#
##.##.##.# #.........#
##.#
.##.######..########
##†# .##.........####
##.##.#####>........##
##.##................#
.#.# ######.####@##..#
...# #.# #{##..# .###
#.# #@##..# ## #.#
#l##..# ###########.#
#.##..# .......(....#
#.##..# #############
##.##{@# #...#..#
#.#...#### #........#
##.....@.@...


You could see Terence and a frilled lizard.

Vanquished Creatures
  An adder (D:2)
  A dart slug (D:1)
  2 bats (D:1)
  2 endoplasms (D:1)
  A giant cockroach (D:2)
  3 goblins
  A hobgoblin (D:1)
  6 jackals
  2 ball pythons
  3 frilled lizards (D:1)
  3 rats
25 creatures vanquished.

Notes
Turn   | Place    | Note
-------+----------+-------------------------------------------
     0 | D:1      | NinjaNoafa the Demonspawn Gladiator began the quest for the
                  | Orb.
     0 | D:1      | Reached XP level 1. HP: 16/16 MP: 1/1
   267 | D:1      | Gained mutation: You are surrounded by a mild repulsion
                  | field. (EV +2) [demonic ancestry]
   267 | D:1      | Reached XP level 2. HP: 18/22 MP: 2/2
   370 | D:1      | Found a faded altar of an unknown god.
   856 | D:2      | Reached XP level 3. HP: 20/28 MP: 3/3
  1162 | D:2      | Noticed Terence
  1166 | D:2      | Noticed Sigmund
  1195 | D:2      | Slain by Sigmund

Illustrated notes

Levels and vault maps discovered:
D:1:      ncdulo_watergridlock, layout_basic, ebering_ecumenical_altar_ruins,
          minmay_3d_cube
D:2:      layout_loops_ring, nrook_mini_vaults, uniq_sigmund, uniq_terence

Skill      XL: |  1  2 |
---------------+-------+-----
Throwing       | 2 |  2.2
Maces & Flails | 3 |  3.1
Dodging        | 3 |  3.0
Fighting       | |  2.4

Action                   || total
-------------------------++-------
Melee: Flail             ||    89
       Punch             ||     1
  Use: Potion            ||     5
       Scroll            ||     4
 Stab: Sleeping          ||     1
Armor: Leather armour    ||    28
Dodge: Dodged            ||   109
